 Dungeon Crawl Stone Soup version 0.28.0-53-g5a82cb258f (webtiles) character file.

Game seed: 8483267984952429892

39 Gabide the Poker (level 3, 0/29 HPs)
             Began as a Human Monk on June 1, 2022.
             Slain by Terence
             ... wielding a +0 flail
              (9 damage)
             ... on level 2 of the Dungeon.
             The game lasted 00:02:58 (1668 turns).

Gabide the Poker (Human Monk)                       Turns: 1668, Time: 00:02:59

Health: 0/29       AC:  8    Str: 11    XL:     3   Next: 70%
Magic:  3/3        EV: 12    Int: 10    God:
Gold:   22         SH:  0    Dex: 23    Spells: 2/2 levels left

rFire   . . .      SeeInvis .   a - +0 spear
rCold   . . .      Faith    .   (no shield)
rNeg    . . .      Spirit   .   e - +3 ring mail
rPois   .          Reflect  .   (no helmet)
rElec   .          Harm     .   (no cloak)
rCorr   .          Rampage  .   (no gloves)
Will    .....                   (no boots)
Stlth   ++........              (no amulet)
HPRegen 0.09/turn               f - +6 ring of dexterity
MPRegen 0.08/turn               (no ring)

@: no status effects
A: no striking features
a: no special abilities


You were on level 2 of the Dungeon.
You visited 1 branch of the dungeon, and saw 2 of its levels.

You collected 22 gold pieces.

Inventory:

Hand Weapons
 a - a +0 spear (weapon)
Armour
 e - a +3 ring mail (worn)
Jewellery
 f - a +6 ring of dexterity (left hand)
Scrolls
 b - a scroll of enchant armour {unknown}
 c - a scroll of noise {unknown}
Potions
 d - a potion of degeneration {unknown}
 g - a potion of resistance {unknown}
 h - 2 potions of curing {unknown}


   Skills:
 + Level 3.5 Fighting
 + Level 3.5 Polearms
 + Level 3.5 Dodging
 - Level 2.0 Stealth


You had 2 spell levels left.
You didn't know any spells.
Your spell library contained the following spells:

 Spells                   Type           Power      Damage    Failure   Level
 Pain                     Necr           0%         1d4       67%         1
 Tukima's Dance           Hex            0%         N/A       95%         3
 Passage of Golubria      Tloc           0%         N/A       100%        4
 Agony                    Necr           0%         N/A       100%        5
 Excruciating Wounds      Necr           0%         N/A       100%        5
 Yara's Violent Unravell  Hex/Tmut       0%         3d3       100%        5


Dungeon Overview and Level Annotations

Branches:
Dungeon (2/15)

Altars:

Annotations:
D:2 Terence


Message History

You are too injured to fight recklessly!
You are too injured to fight recklessly!
You are too injured to fight recklessly!
You are too injured to fight recklessly!
You are too injured to fight recklessly!
You are too injured to fight recklessly!
You are too injured to fight recklessly!
You are too injured to fight recklessly!
You are too injured to fight recklessly!
You are too injured to fight recklessly!
You are too injured to fight recklessly!
You are too injured to fight recklessly!
You are too injured to fight recklessly!
You are too injured to fight recklessly!
You are too injured to fight recklessly!
You are too injured to fight recklessly!
You are too injured to fight recklessly!
You hit Terence.
Terence is severely wounded.
Terence hits you with a +0 flail!
* * * LOW HITPOINT WARNING * * *
Okay, then.
Okay, then.
Terence closely misses you.
A rat comes into view.
Terence shouts, "Now you die!" Terence looks scornfully at you.
Terence says, "Don't bother to defend, it's useless."
The rat barely misses you.
You closely miss the rat. Terence closely misses you.
The rat barely misses you.
You closely miss the rat. Terence barely misses you.
The rat bites you but does no damage.
You hit the rat but do no damage. Terence hits you but does no damage.
The rat closely misses you. The rat barely misses you.
The rat bites you but does no damage. The rat barely misses you.
Terence hits you with a +0 flail!
You die...

+......................> #.#
###.##.#.#<#.#.#....#### #.#
#.##.#.###.#.#....# #.#
#.##.#.# #.#.#....# #.#
#.##.#.# #.#.#....# #.#
#†##.#.# #.#.#....# #.#
###.##.#.# #.#.#....#######.#
.......#.###.#.#.........†..#
###.##.#.#.....#@..##########
#.##.#.#.#...@......?.
#.##.#.#.....r...##...
#.##.#.#..........+ ...
#....#.##.######### ..
####...#....####### .
##..#..†........
#..#...........
##.#...........


You could see Terence and a rat.

Vanquished Creatures
  A worm (D:2)
  2 dart slugs (D:1)
  6 ball pythons
  2 endoplasms
  2 giant cockroaches
  2 goblins (D:1)
  4 hobgoblins (D:1)
  3 bats (D:1)
  2 frilled lizards
  4 kobolds
  3 rats
31 creatures vanquished.

Notes
Turn   | Place    | Note
-------+----------+-------------------------------------------
     0 | D:1      | Gabide the Human Monk began the quest for the Orb.
     0 | D:1      | Reached XP level 1. HP: 18/18 MP: 1/1
   123 | D:1      | Reached XP level 2. HP: 24/24 MP: 2/2
   629 | D:1      | Reached XP level 3. HP: 29/29 MP: 3/3
   806 | D:1      | Found a faded altar of an unknown god.
   806 | D:1      | Noticed a hellwing
  1067 | D:2      | Noticed Terence
  1668 | D:2      | Slain by Terence

Illustrated notes

Levels and vault maps discovered:
D:1:      nicolae_arrival_somewhat_less_tricky_arrival, layout_basic,
          dreamdust_ecumenical_altar_sealed_demon, minmay_split_cup_large
D:2:      layout_basic, minmay_distorted, uniq_terence

Action                   || total
-------------------------++-------
Melee: Spear             ||   147
       Punch             ||     3
 Stab: Sleeping          ||     8
       Distracted        ||     2
Armor: Robe              ||     1
       Ring mail         ||    26
Dodge: Dodged            ||    68
